AoeStats
← Doak

Nomad

507290490Analyzed
4v4 RM · 14d ago on Sep 17, 2026· 39m 12s· 8 players
Game mode
Random Map
Map size
231×231
Population
200
Speed
Normal
Resources
Standard
Victory
Conquest
Starting age
Dark Age
Ending age
Imperial Age
RankedLock teamsTeams togetherTeam positionsShared explorationLock speedFull tech treeHidden civsTurbo modeCheats
Victory
Defeat
🇭🇰 Mongols · Hong Kong SAR China
1568
+8
🇭🇰 Inca · Hong Kong SAR China
1423
+13
🇭🇰 Malians · Hong Kong SAR China
1423
+13
🇭🇰 Vietnamese · Hong Kong SAR China
1394
+14
🇬🇧 Vietnamese · United Kingdom
1405
-14
🇫🇮 Muisca · Finland
1375
-12
🇬🇧 Sicilians · United Kingdom
1361
-12
🇵🇹 Khmer · Portugal
1323
-10
7777777
5:10 Loom
13:32 Feudal Age
17:32 Castle Age
15:57 Double-Bit Axe
16:43 Gold Mining
17:53 Scale Mail Armor
18:04 Forging
26:55 Stone Mining
27:15 Bow Saw
30:11 Wheelbarrow
31:57 Elite Skirmisher
35:49 Stone Shaft Mining
Fu
12:18 Feudal Age
14:37 Loom
16:47 Fishing Lines
21:08 Castle Age
21:48 Scale Barding Armor
22:11 Forging
22:33 Double-Bit Axe
26:15 Bow Saw
26:07 Horse Collar
27:16 Town Watch
27:49 Fletching
32:13 Gillnets
36:50 Wheelbarrow
36:17 Heavy Plow
37:40 Bodkin Arrow
41:02 Imperial Age
37:58 Elite Skirmisher
Cal1um2
4:33 Loom
12:32 Feudal Age
13:19 Double-Bit Axe
22:24 Castle Age
23:37 Forging
23:33 Scale Barding Armor
23:42 Bloodlines
24:42 Bow Saw
25:54 Horse Collar
26:14 Gold Mining
27:52 Wheelbarrow
28:45 Iron Casting
28:59 Husbandry
30:39 Chain Barding Armor
31:09 Fletching
31:57 Bodkin Arrow
36:47 Padded Archer Armor
39:56 Imperial Age
38:31 Elite Skirmisher
Doak
5:30 Loom
14:40 Feudal Age
19:21 Castle Age
17:51 Double-Bit Axe
21:08 Fletching
22:33 Wheelbarrow
22:11 Padded Archer Armor
22:52 Bodkin Arrow
25:50 Leather Archer Armor
25:55 Gold Mining
26:40 Town Watch
27:45 Bow Saw
28:56 Ballistics
36:04 Thumb Ring
Skirmisher!
5:15 Loom
6:07 Loom
13:59 Feudal Age
19:10 Castle Age
17:36 Double-Bit Axe
17:45 Stone Mining
21:24 Wheelbarrow
21:02 Fletching
21:35 Town Watch
22:10 Bow Saw
27:49 Hand Cart
27:53 Padded Archer Armor
30:33 Bodkin Arrow
35:37 Bloodlines
35:28 Husbandry
36:19 Leather Archer Armor
39:56 Scale Barding Armor
happy伯
9:05 Loom
11:48 Feudal Age
12:25 Double-Bit Axe
22:15 Castle Age
21:05 Fletching
23:58 Bow Saw
25:27 Bodkin Arrow
31:49 Wheelbarrow
31:29 Husbandry
31:19 Horse Collar
33:18 Ballistics
37:44 Imperial Age
35:44 Gold Mining
37:07 Heavy Plow
36:54 Town Watch
38:32 Bracer
39:35 Chemistry
39:07 Conscription
Victor Kenny
6:52 Loom
13:47 Feudal Age
18:50 Castle Age
17:06 Double-Bit Axe
26:21 Wheelbarrow
31:49 Town Watch
32:20 Hand Cart
37:21 Imperial Age
35:47 Scale Barding Armor
36:20 Bow Saw
36:25 Horse Collar
37:38 Heavy Camel Rider
Harry Peter
13:54 Feudal Age
17:57 Castle Age
16:15 Fletching
16:26 Padded Archer Armor
18:31 Double-Bit Axe
18:32 Loom
20:48 Bow Saw
21:32 Leather Archer Armor
21:14 Bodkin Arrow
23:55 Wheelbarrow
23:47 Elite Skirmisher
26:58 Leather Archer Armor
27:50 Town Watch
29:19 Scale Mail Armor
31:09 Gold Mining
32:35 Stone Mining
32:27 Horse Collar
33:23 Gold Shaft Mining
37:24 Hand Cart
41:14 Imperial Age
38:07 Champi Runner
38:47 Squires
Connection lost

Rejoining the realm…

Still unreachable

The connection could not be restored.

Session expired

The server has moved on; the page needs a fresh start.